 Dungeon Crawl Stone Soup version 0.20-a0-903-g7e3609c (webtiles) character file.

137 Rrauwl the Slasher (level 5, -3/54 HPs)
             Began as a Draconian Gladiator on Mar 21, 2017.
             Was a Follower of Hepliaklqana.
             Slain by Pikel
             ... wielding a +1 whip of flaming
              (5 damage)
             ... on level 4 of the Dungeon.
             The game lasted 00:10:42 (2235 turns).

Rrauwl the Slasher (Draconian Gladiator)            Turns: 2235, Time: 00:10:42

Health: -3/54      AC:  6    Str: 22 (23) XL:     5   Next: 0%
Magic:  5/5        EV: 13    Int:  5 (8)  God:    Hepliaklqana [*.....]
Gold:   147        SH:  0    Dex: 12      Spells: 2/4 levels left

rFire    . . .     SeeInvis .   a - +0 long sword
rCold    . . .     Gourm    .   (armour unavailable)
rNeg     . . .     Faith    .   (no shield)
rPois    .         Spirit   .   b - +0 hat
rElec    .         Reflect  .   h - +0 cloak
rCorr    .         Harm     .   (no gloves)
MR       .....                  (no boots)
Stlth    ..........             (no amulet)
Regen    0.2/turn               (no ring)
MPRegen  0.1/turn               (no ring)

@: berserking (expiring), very quick
A: unfitting armour, reduced essence, cold-blooded, AC +5
a: Recall Ancestor, Ancestor Identity, Renounce Religion


You were on level 4 of the Dungeon.
You worshipped Hepliaklqana.
Hepliaklqana was aware of your devotion.
You were not hungry.

You visited 1 branch of the dungeon, and saw 4 of its levels.

You collected 147 gold pieces.

Inventory:

Hand Weapons
 a - a +0 long sword (weapon)
Missiles
 c - 3 throwing nets (quivered)
Armour
 b - a +0 hat (worn)
 h - a +0 cloak (worn)
Scrolls
 j - a scroll of magic mapping
Potions
 e - a potion of heal wounds
Books
 m - a book of Changes

   Spells                             Type                      Level
   a - Beastly Appendage              Transmutation                1
   b - Sticks to Snakes               Transmutation                2
   c - Spider Form                    Transmutation/Poison         3
   d - Ice Form                       Ice/Transmutation            4
   e - Blade Hands                    Transmutation                5
Comestibles
 d - 3 bread rations
 f - 2 royal jellies
 g - 4 chunks of flesh
 n - a fruit
 o - 2 meat rations


   Skills:
 - Level 2.1 Fighting
 + Level 5.3 Long Blades
 - Level 2.0 Throwing
 - Level 3.1 Dodging


You had 2 spell levels left.
You knew the following spells:

 Your Spells              Type           Power        Failure   Level  Hunger
a - Sticks to Snakes      Tmut           #.......     80%         2    ###....


Dungeon Overview and Level Annotations

Branches:
Dungeon (4/15)
 Temple: D:4-7

Altars:
Cheibriados
Hepliaklqana
Makhleb
Yredelemnul

Annotations:
D:4 Pikel


Innate Abilities, Weirdness & Mutations

Your plain brown scales are hard. (AC +5)
You cannot fit into any form of body armour.
You are cold-blooded and may be slowed by cold attacks.
Your life essence is reduced. (-10% HP)


Message History

* * * LOW HITPOINT WARNING * * *
You hit the slave.
Your tail-slap misses the slave.
The slave is lightly wounded.
The slave hits you but does no damage. Pikel hits you with a whip of flaming.
* * * LOW HITPOINT WARNING * * *
Pikel burns you.
* * * LOW HITPOINT WARNING * * *
You barely miss the slave.
The slave is lightly wounded.
The slave barely misses you.
You riposte.
You barely miss the slave.
The slave is lightly wounded.
Pikel barely misses you.
You closely miss the slave.
The slave is lightly wounded.
The slave hits you.
* * * LOW HITPOINT WARNING * * *
You slash the slave!
The slave is severely wounded.
Pikel hits you with a whip of flaming.
You die...

#.##....# #
........# .#
#.##..#.# .# ###.
#..#.# ..#
....##..#[####..#...
..................
###...#.##.#..#(#
#.###..K#.##.#..#
........@p.......#
##.###.#[#.##.#.##
#.#.#.##.#.#
....#.##.# #
##.#.#.##.#
....#.##.#
######.##.# #.# ##


You could see Pikel and a slave.

Vanquished Creatures
  3 slaves (D:4)
  Crazy Yiuf (D:3)
  Robin (D:2)
  An adder (D:3)
  2 worms
  A leopard gecko (D:1)
  2 giant cockroaches
  15 goblins
  9 hobgoblins
  3 jackals
  2 bats (D:2)
  2 frilled lizards
  4 kobolds
  8 rats
  A fungus (D:3)
55 creatures vanquished.

Vanquished Creatures (collateral kills)
  2 adders
  A worm (D:2)
  A leopard gecko (D:3)
  A bat (D:2)
  2 hobgoblins
  A frilled lizard (D:2)
  A rat (D:3)
9 creatures vanquished.

Vanquished Creatures (others)
  2 ancestors
2 creatures vanquished.

Grand Total: 66 creatures vanquished

Notes
Turn   | Place    | Note
-------+----------+-------------------------------------------
     0 | D:1      | Rrauwl the Draconian Gladiator began the quest for the Orb.
     0 | D:1      | Reached XP level 1. HP: 17/17 MP: 1/1
   144 | D:1      | Reached XP level 2. HP: 24/24 MP: 2/2
   515 | D:2      | Noticed Robin
   589 | D:2      | Killed Robin
   589 | D:2      | Reached XP level 3. HP: 18/29 MP: 3/3
   718 | D:2      | Found a hazy altar of Hepliaklqana.
   722 | D:2      | Became a worshipper of Hepliaklqana the Forgotten
   730 | D:2      | Reached skill level 4 in Long Blades
   820 | D:2      | Found a burning altar of Makhleb.
  1000 | D:2      | Found a snail-covered altar of Cheibriados.
  1010 | D:2      | Learned a level 2 spell: Sticks to Snakes
  1156 | D:2      | Reached XP level 4. HP: 27/32 MP: 4/4
  1693 | D:3      | Found a runed door.
  1872 | D:3      | Reached * piety under Hepliaklqana
  1872 | D:3      | Found a basalt altar of Yredelemnul.
  1936 | D:3      | Reached skill level 5 in Long Blades
  2046 | D:3      | Noticed Crazy Yiuf
  2071 | D:3      | Killed Crazy Yiuf
  2071 | D:3      | Reached XP level 5. HP: 23/36 MP: 5/5
  2190 | D:4      | Noticed a slave
  2191 | D:4      | Noticed Pikel
  2191 | D:4      | Noticed a slave
  2191 | D:4      | Noticed a slave
  2199 | D:4      | Noticed a slave
  2205 | D:4      | Killed a slave
  2227 | D:4      | Killed a slave
  2229 | D:4      | Killed a slave
  2234 | D:4      | HP: 1/54 [slave[Pikel] (5)]
  2235 | D:4      | Slain by Pikel

Vault maps used:
D:1:      ncdulo_halloftheorcs
D:2:      cheibriados_altar_1, overflow_temple_1_default, lemuel_doored_altar,
          first_bread, uniq_robin
D:3:      yredelemnul_altar_generic, uniq_crazy_yiuf_cottage
D:4:      serial_shops, shop, uniq_pikel

Skill      XL: |  1  2  3  4 |
---------------+-------------+-----
Throwing       | 2 |  2.0
Dodging        | 3 |  3.1
Long Blades    | 4 5 |  5.3
Fighting       | |  2.1

Action                   |  1- 3 |  4- 6 || total
-------------------------+-------+-------++-------
Melee: Long sword        |    83 |    75 ||   158
       Tailslap          |     8 |    11 ||    19
Invok: Ancestor Identity |     1 |       ||     1
  Use: Scroll            |     4 |       ||     4
       Potion            |     1 |     5 ||     6
 Stab: Sleeping          |     1 |     1 ||     2
  Eat: Chunk             |     1 |     3 ||     4
Armor: Skin              |    28 |    15 ||    43
Dodge: Dodged            |    60 |    38 ||    98
       Rpst.: Long sword |    15 |    11 ||    26
